 Dungeon Crawl Stone Soup version 0.29-a0-337-g68df138881 (webtiles) character file.

Game seed: 6099664764755094551

70 rageheart7 the Poker (level 4, -1/37 HPs)
             Began as a Merfolk Gladiator on Apr 17, 2022.
             Frozen to death by an endoplasm (2 damage)
             ... on level 2 of the Dungeon.
             The game lasted 00:01:30 (1598 turns).

rageheart7 the Poker (Merfolk Gladiator)            Turns: 1598, Time: 00:01:31

Health: -1/37      AC:  7    Str: 16    XL:     4   Next: 21%
Magic:  4/4        EV: 13    Int:  7    God:
Gold:   80         SH:  0    Dex: 15    Spells: 3/3 levels left

rFire   . . .      SeeInvis .   a - +1 trident
rCold   . . .      Faith    .   (no shield)
rNeg    . . .      Spirit   .   b - +0 leather armour
rPois   .          Reflect  .   c - +0 helmet
rElec   .          Harm     .   (no cloak)
rCorr   .          Rampage  .   (no gloves)
Will    .....                   m - +2 pair of boots
Stlth   +.........              (no amulet)
HPRegen 0.12/turn               (no ring)
MPRegen 0.09/turn               (no ring)

@: no status effects
A: (nimble swimmer 2), mertail
a: no special abilities


You were on level 2 of the Dungeon.
You visited 1 branch of the dungeon, and saw 2 of its levels.

You collected 80 gold pieces.

Inventory:

Hand Weapons
 a - a +1 trident (weapon)
Missiles
 d - 3 throwing nets (quivered)
 e - a javelin
Armour
 b - a +0 leather armour (worn)
 c - a +0 helmet (worn)
 k - a +0 buckler
 m - a +2 pair of boots (worn)
Jewellery
 i - a ring of resist corrosion
Scrolls
 f - a scroll of amnesia
 g - a scroll of enchant armour {unknown}
 h - a scroll of teleportation {unknown}
Potions
 j - a potion of cancellation {unknown}
 l - a potion of might {unknown}
 n - a potion of brilliance {unknown}


   Skills:
 * Level 3.7 Fighting
 * Level 5.4 Polearms
 - Level 2.0 Throwing
 - Level 4.0 Dodging


You had 3 spell levels left.
You didn't know any spells.
Your spell library was empty.

Dungeon Overview and Level Annotations

Branches:
Dungeon (2/15)

Altars:
Fedhas

Annotations:
D:2 Sigmund


Innate Abilities, Weirdness & Mutations

((You are very nimble when in or above water. (Stealth+, EV+, Speed+++)))
Your lower body shifts to a powerful aquatic tail in water.


Message History

Sigmund flickers and vanishes!
Deactivating autopickup; reactivate with Ctrl-A.
You barely miss the hound.
The hound is moderately wounded.
The hound misses you. Something hits you. The hound completely misses you.
You closely miss the hound.
The hound is moderately wounded.
The hound completely misses you.
You miss the hound.
The hound is moderately wounded.
The hound bites you but does no damage. Something hits you.
The hound bites you but does no damage.
You closely miss the hound.
The hound is moderately wounded.
The hound bites you. Something hits you!
You hit the hound.
The hound is heavily wounded.
The hound barely misses you. The hound bites you.
You hit the hound.
The hound is severely wounded.
Something hits you but does no damage. The hound bites you.
* * * LOW HITPOINT WARNING * * *
You hit the hound.
The hound is almost dead.
The hound barely misses you. Something hits you but does no damage.
The endoplasm freezes you.
You are frozen.
* * * LOW HITPOINT WARNING * * *
The hound bites you but does no damage.
You miss the hound.
The hound is almost dead.
The hound completely misses you. The endoplasm closely misses you.
You hit the hound.
You kill the hound!
A magic dart appears from out of thin air!
The magic dart hits you.
* * * LOW HITPOINT WARNING * * *
The endoplasm freezes you.
You are frozen.
You die...

......#.........#.#.#
......#...........#.#
......#...........#.#
......#...........#.####
......# ........?.#.....
.#....# ...............#
'###### .........####..#
.. ##+#+##..# #@.# #.J#
......{....#
#.............!
#..............
...........###.
...........#
...........#
.........<.#


You could see an endoplasm.

Vanquished Creatures
  A hound (D:2)
  Terence (D:2)
  An adder (D:2)
  2 bats (D:1)
  3 endoplasms
  4 goblins
  5 hobgoblins
  3 jackals (D:1)
  2 quokkas
  4 ball pythons
  2 frilled lizards (D:1)
  4 kobolds
  2 rats
34 creatures vanquished.

Notes
Turn   | Place    | Note
-------+----------+-------------------------------------------
     0 | D:1      | rageheart7 the Merfolk Gladiator began the quest for the
                  | Orb.
     0 | D:1      | Reached XP level 1. HP: 16/16 MP: 1/1
   139 | D:1      | Reached XP level 2. HP: 23/23 MP: 2/2
   204 | D:1      | Found a faded altar of an unknown god.
   971 | D:2      | Reached XP level 3. HP: 28/29 MP: 3/3
   978 | D:2      | Noticed Terence
   991 | D:2      | Killed Terence
   992 | D:2      | Reached skill level 5 in Polearms
  1248 | D:2      | Reached XP level 4. HP: 36/36 MP: 4/4
  1293 | D:2      | Found a blossoming altar of Fedhas.
  1584 | D:2      | Noticed Sigmund
  1598 | D:2      | HP: 1/37 [something/magic dart (6)]
  1598 | D:2      | Frozen to death by an endoplasm

Illustrated notes

Levels and vault maps discovered:
D:1:      ncdulo_lavacross, layout_loops_cross,
          shapermc_ecumenical_altar_pompeii, amcnicky_mini_pool_small,
          chequers_serial_rivers_micro_b, minmay_tromino_v7
D:2:      layout_basic, basic_altar, uniq_sigmund, uniq_natasha, uniq_terence

Skill      XL: |  1  2  3 |
---------------+----------+-----
Fighting       | 3 |  3.7
Polearms       | 5 |  5.4
Throwing       | |  2.0
Dodging        | |  4.0

Action                   |  1- 3 |  4- 6 || total
-------------------------+-------+-------++-------
Melee: Trident           |    72 |    36 ||   108
  Use: Scroll            |     1 |     4 ||     5
 Stab: Sleeping          |     1 |     1 ||     2
Armor: Leather armour    |    11 |     9 ||    20
Dodge: Dodged            |    29 |    23 ||    52

Table legend: (Time is in decaauts)
 A = Elapsed time spent in this place.
 B = Non-inter-level travel time spent in this place.
 C = Inter-level travel time spent in this place.
 D = Time resting spent in this place.
 E = Time spent auto-exploring this place.
 F = Levels seen in this place.
 G = Mean time per level.
                   A        B        C        D        E       F      G
               +--------+--------+--------+--------+--------+-----+--------+
         Total |   1603 |   1552 |     51 |      0 |   1294 |   2 |  801.5 |
       Dungeon |   1603 |   1552 |     51 |      0 |   1294 |   2 |  801.5 |
               +--------+--------+--------+--------+--------+-----+--------+

Top non-repeatable levels by time:
     D:1: 959 daAuts
     D:2: 644 daAuts
